 Dungeon Crawl Stone Soup version 0.27.1-33-g824d729ab1 (webtiles) character file.

Game seed: 1913547183456678839

150054 Gabide the Geomancer (level 17, 0/103 HPs)
             Began as a Gargoyle Earth Elementalist on Dec 3, 2021.
             Was the Champion of Vehumet.
             Slain by a spriggan rider (9 damage)
             ... on level 4 of the Swamp.
             The game lasted 02:21:55 (36560 turns).

Gabide the Geomancer (Gargoyle Earth Elementalist) Turns: 36560, Time: 02:21:56

Health: 0/103      AC: 23    Str: 21    XL:     17   Next: 52%
Magic:  9/52       EV: 14    Int: 23    God:    Vehumet [******]
Gold:   1500       SH:  7    Dex: 10    Spells: 3/42 levels left

rFire    + . .     SeeInvis +   d - staff of conjuration
rCold    + . .     Faith    +   X - +3 buckler {rN+}
rNeg     + + .     Spirit   .   E - +2 robe {Archmagi}
rPois    ∞         Reflect  .   R - +2 helmet {SInv}
rElec    +         Harm     .   F - scarf {rC+ rF+}
rCorr    .         Rampage  .   V - +0 pair of gloves
Will     +....     Archmagi +   j - +1 pair of boots of Tulips {Int+2}
Stlth    +++.......             h - amulet of faith
HPRegen  0.27/turn              p - ring "Nepp" {Drain rElec MP+9 Str+7}
MPRegen  0.33/turn              I - ring of magical power

@: about to teleport, flying, very slightly contaminated
A: sickness immunity, AC +12, big wings, negative energy resistance 1,
electricity resistance, torment resistance 1, petrification resistance
a: Renounce Religion


You were on level 4 of the Swamp.
You worshipped Vehumet.
Vehumet was exalted by your worship.
You visited 5 branches of the dungeon, and saw 28 of its levels.

You collected 4564 gold pieces.
You spent 3064 gold pieces at shops.

Inventory:

Hand Weapons
 i - a +4 long sword of holy wrath
 r - a +3 antimagic spear
 y - a +4 halberd of protection
 Y - the +10 morningstar "Eos" {elec, Halo rElec}
   (You bought it in a shop on level 2 of the Orcish Mines)

   It occasionally discharges a powerful burst of electricity upon striking a
   foe.
   It grants its wielder a halo, increasing accuracy against those within it.
   rElec:     It insulates you from electricity.
 Z - the +4 flail of Qesuxar {speed, Str+6}
   (You found it on level 2 of the Orcish Mines)

   Attacks with this weapon are significantly faster.
   Str:       It affects your strength (+6).
Missiles
 e - 51 stones
 O - 5 throwing nets
Armour
 j - the +1 pair of boots of Tulips (worn) {Int+2}
   (You found it on level 2 of the Swamp)

   Int:       It affects your intelligence (+2).
 u - a +2 leather armour of fire resistance
 E - a +2 robe of the Archmagi (worn)
 F - a scarf of resistance (worn)
 R - a +2 helmet of see invisible (worn)
 V - a +0 pair of gloves (worn)
 X - a +3 buckler of positive energy (worn)
Magical Staves
 d - a staff of conjuration (weapon)
 Q - a staff of earth
Jewellery
 h - an amulet of faith (around neck)
 k - a ring of protection from fire
 p - the ring "Nepp" (left hand) {Drain rElec MP+9 Str+7}
   (You found it on level 4 of the Dungeon)

   [ring of magical power]

   Str:       It affects your strength (+7).
   rElec:     It insulates you from electricity.
   MP:        It affects your magic capacity (+9).
   Drain:     It drains your maximum health when unequipped.
 I - a ring of magical power (right hand)
 W - a ring of positive energy
Wands
 n - a wand of digging (5)
 q - a wand of polymorph (5)
 v - a wand of flame (35)
 w - a wand of acid (19)
 C - a wand of mindburst (18)
 D - a wand of paralysis (12)
 J - a wand of iceblast (27)
Scrolls
 b - a scroll of summoning
 l - 5 scrolls of amnesia
 m - 4 scrolls of fog
 t - 8 scrolls of teleportation
 x - 3 scrolls of magic mapping
 z - a scroll of blinking
 A - 10 scrolls of identify
 P - a scroll of holy word
 S - a scroll of fear
Potions
 a - 2 potions of brilliance
 c - 4 potions of attraction
 f - 3 potions of cancellation
 g - 2 potions of mutation
 o - a potion of might
 s - a potion of lignification
 B - 7 potions of curing
 H - 2 potions of magic
 K - 3 potions of haste
 N - 5 potions of heal wounds
 U - a potion of resistance
Miscellaneous
 L - a phantom mirror


   Skills:
 + Level 10.4 Fighting
 + Level 1.1(1.6) Short Blades
 + Level 1.7(2.0) Long Blades
 - Level 0.2(3.0) Axes
 * Level 5.1(5.5) Maces & Flails
 + Level 1.1(2.1) Polearms
 + Level 2.9(4.5) Staves
 + Level 1.1(1.4) Slings
 + Level 1.3 Bows
 + Level 1.3 Crossbows
 + Level 1.1(1.4) Throwing
 + Level 3.4 Armour
 + Level 8.6 Dodging
 + Level 5.0 Stealth
 - Level 4.0 Shields
 + Level 1.3 Unarmed Combat
 + Level 13.0 Spellcasting
 + Level 13.1 Conjurations
 + Level 1.1 Hexes
 + Level 1.1 Summonings
 + Level 1.0 Necromancy
 + Level 1.1 Translocations
 - Level 1.4 Transmutations
 * Level 13.1 Fire Magic
 + Level 2.3 Ice Magic
 + Level 1.0 Air Magic
 + Level 14.9 Earth Magic
 + Level 1.3 Poison Magic
 + Level 1.4 Invocations
 + Level 1.4 Evocations


You had 3 spell levels left.
You knew the following spells:

 Your Spells              Type           Power      Damage    Failure   Level
a - Sandblast             Erth           100%       2d20      0%          1
b - Passwall              Tmut/Erth      56%        N/A       1%          2
c - Stone Arrow           Conj/Erth      100%       3d13      1%          3
d - Petrify               Tmut/Erth      68%        N/A       1%          4
e - Bolt of Magma         Conj/Fire/Erth 54%        4d22      1%          5
f - Irradiate             Conj/Tmut      41%        3d27      1%          5
g - Starburst             Conj/Fire      53%        6d14      1%          6
h - Lee's Rapid Deconstr  Erth           45%        3d23*     1%          5
i - Lehudib's Crystal Sp  Conj/Erth      54%        10d13     22%         8

Your spell library contained the following spells:

 Spells                   Type           Power      Damage    Failure   Level
 Ignition                 Fire           42%        3d12      30%         8
 Shatter                  Erth           45%        3d35*     90%         9
 Polar Vortex             Ice            19%        N/A       100%        9
 Magic Dart               Conj           100%       1d8       0%          1
 Dazzling Flash           Conj/Hex       100%       N/A       1%          3
 Ignite Poison            Fire/Tmut/Pois 56%        N/A       1%          3
 Inner Flame              Hex/Fire       64%        N/A       1%          3
 Mephitic Cloud           Conj/Pois/Air  72%        N/A       1%          3
 Animate Skeleton         Necr           58%        N/A       2%          1
 Pain                     Necr           100%       1d9       2%          1
 Summon Small Mammal      Summ           100%       N/A       2%          1
 Call Imp                 Summ           30%        N/A       3%          2
 Slow                     Hex            30%        N/A       3%          2
 Ozocubu's Armour         Ice            38%        N/A       4%          3
 Call Canine Familiar     Summ           30%        N/A       8%          3
 Confusing Touch          Hex            30%        N/A       8%          3
 Portal Projectile        Hex/Tloc       60%        N/A       8%          3
 Summon Guardian Golem    Hex/Summ       30%        N/A       8%          3
 Vampiric Draining        Necr           14%        2d8       9%          3
 Iskenderun's Mystic Bla  Conj/Tloc      82%        2d16      1%          4
 Lightning Bolt           Conj/Air       41%        1d60      1%          5
 Airstrike                Air            14%        N/A       7%          4
 Animate Dead             Necr           14%        N/A       26%         4
 Cause Fear               Hex            15%        N/A       26%         4
 Summon Lightning Spire   Summ/Air       30%        N/A       26%         4
 Metabolic Englaciation   Hex/Ice        17%        N/A       50%         5
 Blade Hands              Tmut           16%        N/A       54%         5
 Summon Forest            Summ/Tloc      15%        N/A       56%         5
 Summon Mana Viper        Hex/Summ       30%        N/A       56%         5
 Excruciating Wounds      Necr           14%        N/A       58%         5
 Simulacrum               Ice/Necr       17%        N/A       97%         6
 Shadow Creatures         Summ           N/A        N/A       98%         6
 Haunt                    Necr/Summ      15%        N/A       100%        7
 Discord                  Hex            15%        N/A       100%        8
 Infestation              Necr           14%        N/A       100%        8


Dungeon Overview and Level Annotations

Branches:
Dungeon (15/15)            Temple (1/1) D:6            Lair (6/6) D:10
  Swamp (4/4) Lair:2        Snake (0/4) Lair:4        Slime (0/5) Lair:5
    Orc (2/2) D:12            Elf (0/3) Orc:2        Vaults (0/5) D:14
 Depths (0/5) D:15

Altars:
Ashenzari
Cheibriados
Dithmenos
Elyvilon
Fedhas
Gozag
Hepliaklqana
Kikubaaqudgha
Makhleb
Nemelex Xobeh
Okawaru
Qazlal
Ru
Sif Muna
Trog
Uskayaw
Vehumet
Wu Jian
Xom
Zin
The Shining One
Beogh

Shops:
D:10 *   D:15 !   Orc:1 *   Orc:2 ??((

Annotations:
D:9 Harold
Lair:3 2 transporters


Innate Abilities, Weirdness & Mutations

You are immune to sickness and miasma.
Your stone body is resilient. (AC +12)
You are immune to poison.
Your large and strong wings let you fly.
You resist negative energy. (rN+)
You are resistant to electric shocks. (rElec)
You are resistant to unholy torment.
You are immune to petrification.


Message History

Vehumet accepts your kill.
You feel your power returning.
The bolt of fire hits the foxfire.
The foxfire completely resists.
The bolt of fire hits the foxfire.
The foxfire completely resists.
The foxfire hits you! You resist.
The foxfire hits you but does no damage.
The will-o-the-wisp gestures.
The will-o-the-wisp conjures some foxfire!
The spriggan rider hits you but does no damage.
A bunyip comes into view.
Your Spellcasting skill increases to level 13! 2 foxfires come into view.
Casting: Starburst (dangerous; 1% risk of failure)
Confirm with . or Enter, or press ? or * to list all spells.
You can't see any susceptible monsters within range! (Use Z to cast anyway.) Unknown command.
Unknown command.
Aiming: Bolt of Magma (safe; 1% risk of failure)
Press: ? - help, Q - select action, (/) - cycle Shift-Dir - straight line, f - spriggan rider
Aim: a spriggan rider, wielding a +0 spear and wearing a +0 buckler (lightly wounded, 51% to hit)
You feel a strong surge of power!
The bolt of magma misses the spriggan rider.
You hear a roar!
The foxfire hits you! You resist.
* * * LOW HITPOINT WARNING * * *
The will-o-the-wisp gestures.
The will-o-the-wisp conjures some foxfire!
The spriggan rider completely misses you.
A five-headed hydra comes into view.
The foxfire hits you! You resist.
* * * LOW HITPOINT WARNING * * *
You hear a roar!
You hear a deafening roar! 2 foxfires come into view.
Unknown command.
As you read the scroll of teleportation, it crumbles to dust.
You feel strangely unstable. The foxfire hits you. You resist.
* * * LOW HITPOINT WARNING * * *
The bog body points at you and mumbles some strange words.
The bolt of cold hits you but does no damage.
The spriggan rider hits you from afar with a +0 spear!
You die...

≈♣ ♣?.♣♣ .≈♣♣♣.§§♣
..$.[.§§§ ≈§≈≈≈≈≈≈§
.§§§§≈≈≈♣♣#
.$..≈≈§≈≈≈♣§#
≈..§v§v.≈≈♣♣# ≈
♣♣.....§§@.≈§#
≈.♣≈.≈≈≈.≈§k†i♣#
≈≈..≈≈≈≈≈§§≈≈)...
≈≈..≈≈≈≈≈≈≈.≈.†nD≈♣
≈≈.≈≈≈≈≈≈≈..≈[...≈.
..≈≈..x≈≈≈≈§.≈♣###≈
♣♣.♣♣≈♣≈.≈..≈≈♣
♣≈.♣♣.≈≈...≈♣
♣.≈♣.≈≈≈§≈♣♣


You could see a bunyip, a five-headed hydra, a spriggan rider, a
will-o-the-wisp, a bog body and a swamp drake.

Vanquished Creatures
  Rupert (Lair:4)
  Jorgrun (Orc:1)
  A thorn hunter (Swamp:1)
  Gastronok (Lair:3)
  A fenstrider witch (Swamp:2)
  Louise (D:14)
  2 orc warlords (Orc:1)
  2 ghouls (Swamp:1)
  A stone giant (D:15)
  3 bunyips
  4 dire elephants (Lair:6)
  4 eleionomae
  An ettin (D:14)
  A shambling mangrove (Swamp:3)
  10 hydras
  2 boulder beetles
  An ice dragon (D:14)
  The ghost of Fulminus the Geomancer, a journeyman GrEE of Vehumet (Orc:2)
  2 spriggan air magi (Swamp:1)
  2 catoblepae
  A ghost crab (Swamp:1)
  4 centaur warriors
  2 death knights
  A two-headed ogre (D:13)
  2 alligators (Swamp:1)
  4 tengu warriors
  An orc high priest (Orc:2)
  Urug (Lair:1)
  A spriggan berserker (Swamp:1)
  2 skeletal warriors
  Nergalle (Lair:3)
  A shadow wraith (D:14)
  3 goliath frogs
  A spectral anaconda (Lair:6)
  3 spriggan druids
  A deep troll (D:14)
  6 swamp dragons
  3 bog bodies
  An obsidian statue (Lair:6)
  4 necromancers (Lair:6)
  An orc knight (Orc:1)
  7 orc sorcerers
  3 manticores (D:15)
  14 ugly things
  2 will-o-the-wisps
  4 cyclopes
  27 elephants
  2 ice statues (D:15)
  2 torpor snails
  11 black mambas
  19 cane toads
  2 gargoyles
  11 komodo dragons
  3 unseen horrors
  4 rime drakes
  A dire elephant skeleton (Lair:6)
  A freezing wraith (D:13)
  6 kobold demonologists
  2 tengu conjurers (D:13)
  6 trolls
  3 polar bears
  12 hornets
  10 tyrant leeches
  7 slime creatures
  2 spectral elephants (Lair:6)
  A raiju (shapeshifter) (D:14)
  6 blink frogs
  7 dream sheep (Lair:4)
  A meliai zombie (D:11)
  12 spriggans
  A shadow (D:9)
  43 yaks
  6 wyverns
  A vampire (D:11)
  7 wraiths
  A steam dragon (D:7)
  6 basilisks
  A death yak simulacrum (Lair:6)
  7 vampire mosquitoes
  A naga (Lair:4)
  4 acid dragons
  Duvessa (D:4)
  6 wargs
  17 swamp worms
  25 water moccasins
  Menkaure (D:4)
  3 spectral cane toads (Lair:6)
  Purgy (D:4)
  3 black bears
  25 orc warriors
  2 sky beasts
  3 ice beasts (D:6)
  3 necrophages
  A hornet zombie (D:7)
  8 ogres
  3 swamp drakes
  4 wolves (Lair:5)
  5 elephant skeletons (Lair:6)
  A phantom (D:4)
  12 centaurs
  9 kobold brigands
  7 bullfrogs
  Dowan (D:4)
  5 gnoll sergeants
  2 scorpions (D:5)
  A wyvern skeleton (D:7)
  An elephant simulacrum (Lair:6)
  3 killer bees (D:6)
  6 wights (D:8)
  6 howler monkeys
  4 jellies
  7 centaur zombies
  2 hounds (D:4)
  22 orc priests
  A bullfrog skeleton (D:7)
  A gnoll shaman (D:10)
  7 iguanas
  45 orc wizards
  A killer bee zombie (D:8)
  A mummy (D:8)
  3 howler monkey zombies
  26 gnolls
  A howler monkey skeleton (D:6)
  7 adders
  A shadow imp (D:8)
  An ufetubus (D:6)
  4 worms
  2 dart slugs
  79 orcs
  5 ball pythons
  6 endoplasms
  4 giant cockroaches
  5 goblins
  4 hobgoblins
  4 jackals
  4 quokkas
  2 bats (D:2)
  5 frilled lizards
  23 kobolds
  6 rats
  A withered plant (Lair:6)
801 creatures vanquished.

Vanquished Creatures (others)
  A swamp dragon (Swamp:1)
  A bloated husk (Swamp:2)
  An orc priest (Orc:2)
  4 bushes (D:10)
  11 foxfires (Swamp:4)
  30 fungi
  57 plants
  15 withered plants (Lair:6)
120 creatures vanquished.

Grand Total: 921 creatures vanquished

Notes
Turn   | Place    | Note
-------+----------+-------------------------------------------
     0 | D:1      | Gabide the Gargoyle Earth Elementalist began the quest for
                  | the Orb.
     0 | D:1      | Reached XP level 1. HP: 10/10 MP: 3/3
   377 | D:1      | Reached XP level 2. HP: 15/15 MP: 0/5
   448 | D:1      | Learned a level 2 spell: Passwall
   500 | D:1      | Found a faded altar of an unknown god.
   503 | D:1      | Reached skill level 4 in Earth Magic
  1030 | D:2      | Reached XP level 3. HP: 15/19 MP: 1/6
  1227 | D:1      | Learned a level 3 spell: Stone Arrow
  1581 | D:2      | Reached skill level 1 in Conjurations
  1951 | D:3      | Reached XP level 4. HP: 24/24 MP: 4/7
  2084 | D:3      | Reached skill level 5 in Earth Magic
  2300 | D:3      | Noticed a water moccasin
  2306 | D:3      | Killed a water moccasin
  2307 | D:3      | Reached skill level 1 in Fighting
  2307 | D:3      | Reached XP level 5. HP: 20/29 MP: 4/9
  2959 | D:4      | Reached XP level 6. HP: 34/34 MP: 7/11
  3035 | D:4      | Noticed a black bear
  3038 | D:4      | Killed a black bear
  3044 | D:4      | Reached skill level 6 in Earth Magic
  3277 | D:4      | Found a glowing golden altar of the Shining One.
  3357 | D:4      | Noticed Menkaure
  3359 | D:4      | Killed Menkaure
  3360 | D:4      | Reached XP level 7. HP: 37/40 MP: 5/13
  3741 | D:4      | Noticed Purgy
  3748 | D:4      | Learned a level 4 spell: Petrify
  3757 | D:4      | Killed Purgy
  3965 | D:4      | Noticed Duvessa
  3969 | D:4      | Killed Duvessa
  3970 | D:4      | Reached skill level 5 in Spellcasting
  3970 | D:4      | Reached skill level 7 in Earth Magic
  3970 | D:4      | Reached XP level 8. HP: 46/46 MP: 5/15
  3970 | D:4      | Noticed Dowan
  3984 | D:4      | Killed Dowan
  4085 | D:4      | Found a stormy altar of Qazlal.
  4089 | D:4      | Identified the ring "Nepp" {Drain rElec MP+9 Str+7}
  4412 | D:5      | Entered Level 5 of the Dungeon
  5054 | D:5      | Learned a level 5 spell: Bolt of Magma
  5107 | D:5      | Identified the +5 spear of Governance {freeze, +Rage rF-
                  | rC- Int+10}
  5567 | D:6      | Got the Disquisition on Evil
  5590 | D:6      | Reached skill level 1 in Fire Magic
  5678 | D:6      | Found a staircase to the Ecumenical Temple.
  5705 | D:6      | Reached skill level 5 in Conjurations
  5718 | D:6      | Reached XP level 9. HP: 33/51 MP: 0/18
  5872 | Temple   | Entered the Ecumenical Temple
  5923 | Temple   | Became a worshipper of Vehumet
  6144 | D:6      | Reached skill level 1 in Staves
  6144 | D:6      | Reached skill level 8 in Earth Magic
  6553 | D:6      | Found a sparkling altar of Nemelex Xobeh.
  6554 | D:6      | Found an ornate altar of the Wu Jian Council.
  7087 | D:6      | Reached * piety under Vehumet
  7087 | D:6      | Offered knowledge of Foxfire by Vehumet.
  7088 | D:6      | Reached skill level 1 in Armour
  8093 | D:7      | Found a white marble altar of Elyvilon.
  8169 | D:8      | Noticed a cyclops
  8178 | D:8      | Killed a cyclops
  8179 | D:8      | Reached skill level 9 in Earth Magic
  8179 | D:8      | Reached XP level 10. HP: 56/56 MP: 19/20
  8551 | D:8      | Reached ** piety under Vehumet
  8551 | D:8      | Offered knowledge of Poisonous Vapours by Vehumet.
  8780 | D:8      | Reached skill level 1 in Short Blades
  8780 | D:8      | Reached skill level 1 in Long Blades
  8780 | D:8      | Reached skill level 1 in Maces & Flails
  8780 | D:8      | Reached skill level 1 in Polearms
  8780 | D:8      | Reached skill level 1 in Slings
  8780 | D:8      | Reached skill level 1 in Bows
  8780 | D:8      | Reached skill level 1 in Crossbows
  8780 | D:8      | Reached skill level 1 in Throwing
  8780 | D:8      | Reached skill level 1 in Shields
  8780 | D:8      | Reached skill level 1 in Unarmed Combat
  8780 | D:8      | Reached skill level 1 in Hexes
  8780 | D:8      | Reached skill level 1 in Summonings
  8780 | D:8      | Reached skill level 1 in Necromancy
  8780 | D:8      | Reached skill level 1 in Translocations
  8780 | D:8      | Reached skill level 1 in Transmutations
  8780 | D:8      | Reached skill level 5 in Fire Magic
  8780 | D:8      | Reached skill level 1 in Air Magic
  8780 | D:8      | Reached skill level 1 in Poison Magic
  8780 | D:8      | Reached skill level 1 in Invocations
  8780 | D:8      | Reached skill level 1 in Evocations
  8780 | D:8      | Reached XP level 11. HP: 61/61 MP: 22/22
  8882 | D:8      | Found a snail-covered altar of Cheibriados.
  9426 | D:9      | Offered knowledge of Dazzling Flash by Vehumet.
  9456 | D:9      | Found a bloodstained altar of Trog.
  9485 | D:9      | Paralysed by an orc for 7 turns
  9486 | D:9      | Reached skill level 10 in Earth Magic
  9624 | D:9      | Noticed Harold
  9628 | D:9      | HP: 2/61 [acid (12)]
  9636 | D:10     | Entered Level 10 of the Dungeon
  9636 | D:10     | Found Ytwy's Neck Hole.
  9813 | D:10     | Reached *** piety under Vehumet
  9939 | D:10     | Found a staircase to the Lair.
  9971 | D:10     | HP: 2/61 [something (8)]
 10295 | D:10     | Offered knowledge of Inner Flame by Vehumet.
 10591 | D:10     | Noticed a sixfirhy
 10602 | D:10     | Reached **** piety under Vehumet
 10921 | D:10     | Offered knowledge of Freezing Cloud by Vehumet.
 10922 | D:10     | Reached XP level 12. HP: 67/67 MP: 22/24
 11211 | D:10     | Bought a scarf of resistance for 352 gold pieces
 12035 | D:11     | Noticed a boulder beetle
 12038 | D:11     | Killed a boulder beetle
 12323 | D:11     | Noticed a death knight
 12340 | D:11     | Killed a death knight
 12366 | D:11     | Reached skill level 11 in Earth Magic
 12514 | D:11     | Found a white marble altar of Elyvilon.
 13208 | D:12     | Reached skill level 5 in Fighting
 13216 | D:12     | Reached ***** piety under Vehumet
 13931 | D:12     | Offered knowledge of Olgreb's Toxic Radiance by Vehumet.
 14599 | D:12     | Found a staircase to the Orcish Mines.
 15067 | Lair:1   | Entered Level 1 of the Lair of Beasts
 15235 | Lair:1   | Reached skill level 10 in Conjurations
 15332 | Lair:1   | Reached XP level 13. HP: 69/73 MP: 11/26
 15527 | Lair:1   | Noticed Urug
 15531 | Lair:1   | Killed Urug
 16254 | Lair:2   | Reached skill level 5 in Dodging
 16254 | Lair:2   | Reached skill level 10 in Spellcasting
 16256 | Lair:2   | Reached skill level 12 in Earth Magic
 16629 | Lair:2   | Found a staircase to the Swamp.
 18224 | Lair:3   | Offered knowledge of Ozocubu's Refrigeration by Vehumet.
 18226 | Lair:3   | Noticed Nergalle
 18235 | Lair:3   | Killed Nergalle
 18475 | Lair:3   | Found a transporter.
 18477 | Lair:3   | Found a transporter.
 18486 | Lair:3   | Noticed Gastronok
 18497 | Lair:3   | Killed Gastronok
 19097 | Lair:4   | Gained mutation: Your large and strong wings let you fly.
                  | [Gargoyle growth]
 19097 | Lair:4   | Reached XP level 14. HP: 82/82 MP: 26/28
 19281 | Lair:4   | Noticed Rupert
 19288 | Lair:4   | Killed Rupert
 19651 | Lair:4   | Found a staircase to the Snake Pit.
 20536 | Lair:5   | Reached skill level 13 in Earth Magic
 20544 | Lair:5   | Offered knowledge of Irradiate by Vehumet.
 20551 | Lair:5   | Learned a level 5 spell: Irradiate
 20660 | Lair:5   | Found a staircase to the Slime Pits.
 20803 | Lair:5   | Identified the +0 helmet of Varghio Hinaa {Str+4 Int+2}
 21614 | Lair:6   | Entered Level 6 of the Lair of Beasts
 22241 | Lair:6   | Noticed a dire elephant
 22241 | Lair:6   | Noticed a dire elephant
 22242 | Lair:6   | Noticed a dire elephant
 22242 | Lair:6   | Noticed a dire elephant
 22330 | Lair:6   | Killed a dire elephant
 22424 | Lair:6   | Killed a dire elephant
 22425 | Lair:6   | Reached XP level 15. HP: 89/89 MP: 30/30
 22427 | Lair:6   | HP: 2/89 [dire elephant (31)]
 22973 | Lair:6   | Reached skill level 10 in Fire Magic
 23019 | Lair:6   | Offered knowledge of Spellforged Servitor by Vehumet.
 23842 | Lair:6   | Learned a level 6 spell: Starburst
 25363 | D:13     | Identified a scroll of acquirement
 25363 | D:13     | Acquired 720 gold pieces
 26764 | D:14     | Noticed Louise
 26778 | D:14     | Killed Louise
 27138 | D:14     | Found a gate to the Vaults.
 27189 | D:15     | Entered Level 15 of the Dungeon
 27504 | D:15     | Found a frozen archway.
 27807 | D:15     | Reached skill level 5 in Stealth
 27809 | D:15     | Offered knowledge of Eringya's Noxious Bog by Vehumet.
 27822 | D:15     | Reached XP level 16. HP: 37/96 MP: 4/31
 28485 | D:15     | Found a sacrificial altar of Ru.
 28718 | D:15     | Reached skill level 14 in Earth Magic
 28724 | D:15     | Reached ****** piety under Vehumet
 29395 | D:15     | Found a staircase to the Depths.
 29593 | D:15     | Found Syawoer's Distillery.
 29596 | D:15     | Bought 2 potions of cancellation for 256 gold pieces
 29596 | D:15     | Bought a potion of magic for 128 gold pieces
 29861 | Orc:1    | Entered Level 1 of the Orcish Mines
 29867 | Orc:1    | Reached skill level 10 in Fighting
 30131 | Orc:1    | Noticed Jorgrun
 30138 | Orc:1    | Killed Jorgrun
 30411 | Orc:1    | Found Zusyen Hata's General Store.
 30461 | Orc:1    | Offered knowledge of Lee's Rapid Deconstruction by Vehumet.
 30468 | Orc:1    | Learned a level 5 spell: Lee's Rapid Deconstruction
 30665 | Orc:2    | Entered Level 2 of the Orcish Mines
 31351 | Orc:2    | Paralysed by an orc sorcerer for 4 turns
 31845 | Orc:2    | Found a staircase to the Elven Halls.
 32175 | Orc:2    | Found Xoet's Antique Weapon Shoppe.
 32175 | Orc:2    | Found Violir's Antique Weapon Shoppe.
 32176 | Orc:2    | Found Hoatiuf's Magic Scroll Emporium.
 32180 | Orc:2    | Found Teenoosh's Magic Scroll Emporium.
 32185 | Orc:2    | Bought a scroll of enchant armour for 90 gold pieces
 32186 | Orc:2    | Bought a scroll of acquirement for 832 gold pieces
 32188 | Orc:2    | Acquired 1207 gold pieces
 32190 | Orc:2    | Bought the +10 morningstar "Eos" {elec, Halo rElec} for
                  | 1406 gold pieces
 32190 | Orc:2    | Found the +10 morningstar "Eos" {elec, Halo rElec}
 32263 | Orc:2    | Offered knowledge of Lehudib's Crystal Spear by Vehumet.
 32297 | Orc:2    | Learned a level 8 spell: Lehudib's Crystal Spear
 32396 | Orc:2    | Found a runed translucent door.
 32401 | Orc:2    | Noticed Fulminus's ghost (journeyman GrEE)
 32691 | Orc:2    | Killed Fulminus's ghost
 32699 | Orc:2    | Identified the +4 flail of Qesuxar {speed, Str+6}
 32701 | Orc:2    | Identified the +6 shortbow of Sokhleenoa {flame, rN+ Str+2}
 33243 | Swamp:1  | Entered Level 1 of the Swamp
 33243 | Swamp:1  | Noticed a thorn hunter
 33254 | Swamp:1  | Killed a thorn hunter
 34247 | Swamp:1  | You are sucked into a shaft and drop 1 floor!
 34315 | Swamp:2  | Reached XP level 17. HP: 103/103 MP: 33/33
 34418 | Swamp:2  | Identified the +1 pair of boots of Tulips {Int+2}
 36061 | Swamp:3  | Offered knowledge of Shatter by Vehumet.
 36061 | Swamp:3  | Offered knowledge of Polar Vortex by Vehumet.
 36061 | Swamp:3  | Offered knowledge of Ignition by Vehumet.
 36348 | Swamp:4  | Entered Level 4 of the Swamp
 36551 | Swamp:4  | Reached skill level 5 in Maces & Flails
 36560 | Swamp:4  | Slain by a spriggan rider

Illustrated notes

Levels and vault maps discovered:
D:1:      giann_horns, layout_basic, shapermc_ecumenical_altar_starsandcircs,
          chequers_serial_rivers_room_b
D:2:      layout_basic, bh_walls_and_bars
D:3:      layout_loops_ring
D:4:      layout_basic, tso_metal_star, nicolae_qazlal_general_emergency,
          minivault_19, hangedman_minor_gate_pass, uniq_purgy, uniq_menkaure,
          uniq_duvessa
D:5:      layout_cave_pods
D:6:      minmay_inner_zag, layout_loops_ring, gammafunk_temple_overflow_statue,
          minmay_temple_entry_glass
D:7:      layout_loops_ring, kennysheep_ying_yang, uniq_maggie
D:8:      layout_rooms, kennysheep_slug_shrine, serial_undead, serial_undead_e,
          serial_undead_b, serial_undead_e, serial_undead_c
D:9:      layout_cave_pods, trog_book, uniq_harold
D:10:     layout_loops_ring, minmay_lair_entry_grove,
          nicolae_shop_sticking_my_neck_out
D:11:     layout_loops_ring, elyvilon_altar_1
D:12:     layout_small_grid, erik_orc_1
D:13:     layout_roguey
D:14:     layout_cave_pools, david_vaults_4, dk_noncrumbling_4, uniq_louise
D:15:     grunt_enter_depths_snipers, layout_layer_cave, solitary_fountain,
          portal_ice_cave_entry_ice_statue_two, serial_shops,
          nicolae_shop_behind_doors, hangedman_ru_absence
Temple:   jpeg_temple_clearing
Lair:1:   layout_roguey, uniq_urug
Lair:2:   layout_long_grid, minmay_swamp_entry_worms
Lair:3:   gammafunk_boulding_lane, layout_gridlike, uniq_gastronok,
          uniq_nergalle
Lair:4:   layout_regular_city, guppyfry_snake_entry_garden, minivault_27,
          nicolae_quartered_pool_little, uniq_rupert
Lair:5:   layout_regular_city, nicolae_slime_entry_slimehenge
Lair:6:   due_jungle_book, layout_cave_pods
Swamp:1:  layout_basic_swamp, nicolae_swamp_ascending_descending
Swamp:2:  layout_basic_swamp, nicolae_swamp_small_spring
Swamp:3:  layout_basic_swamp, evilmike_swamp_ruin_house_5, swamp_pool1,
          infiniplex_staircase_pool
Swamp:4:  swamp_basic_johnstein, layout_basic_swamp
Orc:1:    layout_caves, serial_shops, shop, uniq_jorgrun
Orc:2:    st_orc_mages, layout_caves, ebering_ghost_reflecting_pool,
          basic_altar, gauntlet_entry_generic

Skill      XL: |  1  2  3  4  5  6  7  8  9 10 11 12 13 14 15 16 17 |
---------------+----------------------------------------------------+-----
Earth Magic    | 4 5 6 7 9 10 11 12 13 14 | 14.9
Conjurations   | 1 2 3 5 6 7 8 10 11 12 13 | 13.1
Fighting       | 1 2 3 4 5 7 8 9 10 | 10.4
Spellcasting   | 3 4 5 6 7 8 9 10 11 12 13 | 13.0
Dodging        | 2 3 4 5 6 7 8 |  8.6
Fire Magic     | 1 3 5 6 8 9 11 12 13 | 13.1
Stealth        | 3 4 5 |  5.0
Staves         | 1 2 |  2.9
Armour         | 2 3 |  3.4
Short Blades   | 1 |  1.1
Long Blades    | 1 |  1.7
Maces & Flails | 1 3 5 |  5.1
Polearms       | 1 |  1.1
Slings         | 1 |  1.1
Bows           | 1 |  1.3
Crossbows      | 1 |  1.3
Throwing       | 1 |  1.1
Shields        | 1 2 4 |  4.0
Unarmed Combat | 1 |  1.3
Hexes          | 1 |  1.1
Summonings     | 1 |  1.1
Necromancy     | 1 |  1.0
Translocations | 1 |  1.1
Transmutations | 1 |  1.4
Ice Magic      | 2 |  2.3
Air Magic      | 1 |  1.0
Poison Magic   | 1 |  1.3
Invocations    | 1 |  1.4
Evocations     | 1 |  1.4
Axes           | |  0.2

Action                   |  1- 3 |  4- 6 |  7- 9 | 10-12 | 13-15 | 16-18 || total
-------------------------+-------+-------+-------+-------+-------+-------++-------
Melee: Hand axe          |     8 |       |       |       |       |       ||     8
       Long sword        |     1 |       |       |       |       |       ||     1
       Staff             |       |     3 |    39 |    77 |    21 |    91 ||   231
       Morningstar       |       |       |       |       |       |    29 ||    29
 Cast: Sandblast         |    40 |    38 |     8 |     4 |       |       ||    90
       Stone Arrow       |     2 |     4 |   117 |   251 |   126 |       ||   500
       Bolt of Magma     |       |       |       |    49 |   340 |   280 ||   669
       Petrify           |       |       |       |     2 |     4 |       ||     6
       Starburst         |       |       |       |       |     3 |    17 ||    20
       Irradiate         |       |       |       |       |     3 |       ||     3
Evoke: Wand              |       |       |       |     3 |       |       ||     3
  Use: Scroll            |       |     7 |    10 |    11 |    12 |     8 ||    48
       Potion            |       |       |       |     5 |     2 |       ||     7
Armor: Robe              |     7 |     3 |    14 |    95 |    65 |   151 ||   335
       Leather armour    |       |       |    33 |     1 |       |       ||    34
Dodge: Dodged            |    14 |     4 |    55 |   114 |    80 |   197 ||   464
Block: Buckler           |       |       |       |       |    29 |    99 ||   128
       Rpst.: Long sword |       |     1 |       |       |       |       ||     1
